 Dungeon Crawl Stone Soup version 0.27.1-1-g398f81649c (webtiles) character file.

Game seed: 8484534500986790225

788 Kangaroobicon the Ruffian (level 7, 0/66 HPs)
             Began as a Troll Monk on Sept 18, 2021.
             Slain by Edmund (11 damage)
             ... on level 5 of the Dungeon.
             The game lasted 00:41:49 (3738 turns).

Kangaroobicon the Ruffian (Troll Monk)              Turns: 3738, Time: 00:41:49

Health: 0/66       AC:  4    Str: 20    XL:     7   Next: 56%
Magic:  6/6        EV: 11    Int:  7    God:
Gold:   174        SH:  5    Dex: 13    Spells: 6/6 levels left

rFire    . . .     SeeInvis .     - Unarmed
rCold    . . .     Faith    .   (no shield)
rNeg     . . .     Spirit   .   a - +0 robe
rPois    .         Reflect  +   (helmet restricted)
rElec    .         Harm     .   (no cloak)
rCorr    .         Rampage  .   (gloves unavailable)
Will     .....                  (boots unavailable)
Stlth    ++........             x - amulet of reflection
HPRegen  1.21/turn              (no ring)
MPRegen  0.10/turn              (no ring)

@: lethally poisoned (0 -> 0)
A: large, unfitting armour, claws 3, regeneration 1, shaggy fur 1, tough skin 1
a: no special abilities


You were on level 5 of the Dungeon.
You visited 1 branch of the dungeon, and saw 5 of its levels.

You collected 174 gold pieces.

Inventory:

Hand Weapons
 i - a +0 dagger of electrocution
 u - a +0 whip
 y - a +0 hunting sling
 E - a +2 whip of draining
Missiles
 c - 239 stones
 d - 7 large rocks (quivered)
 g - 40 arrows
 m - 12 poisoned darts
 o - 18 bolts
 s - 21 sling bullets
 F - 4 boomerangs
Armour
 a - a +0 robe (worn)
 D - the +1 ring mail of Ferghevva {Str+3 Int+4}
   (You found it on level 4 of the Dungeon)

   Str:       It affects your strength (+3).
   Int:       It affects your intelligence (+4).
Jewellery
 n - an amulet of magic regeneration
 x - an amulet of reflection (around neck)
Wands
 t - a wand of charming (13)
 C - a wand of iceblast (9)
Scrolls
 b - 2 scrolls of amnesia
 e - a scroll of fear {unknown}
 f - 2 scrolls of blinking
 h - a scroll of holy word {unknown}
 j - a scroll of teleportation {unknown}
 k - a scroll of brand weapon {unknown}
 l - a scroll of noise {unknown}
 p - a scroll of acquirement {unknown}
 v - a scroll of magic mapping {unknown}
 w - 2 scrolls of enchant weapon
 z - a scroll of fog {unknown}
 A - a scroll of vulnerability {unknown}
Potions
 q - a potion of mutation
 r - 2 potions of heal wounds {unknown}
 B - a potion of curing


   Skills:
 + Level 2.9 Fighting
 + Level 4.4 Dodging
 + Level 2.1 Stealth
 + Level 0.3 Shields
 + Level 6.8 Unarmed Combat


You had 6 spell levels left.
You didn't know any spells.
Your spell library contained the following spells:

 Spells                   Type           Power      Damage    Failure   Level
 Passwall                 Tmut/Erth      0%         N/A       56%         2
 Conjure Flame            Conj/Fire      0%         6-21      80%         3
 Ignite Poison            Fire/Tmut/Pois 0%         N/A       80%         3
 Swiftness                Air            0%         N/A       80%         3
 Sticky Flame             Conj/Fire      0%         2d3       99%         4
 Invisibility             Hex            0%         N/A       100%        6


Dungeon Overview and Level Annotations

Branches:
Dungeon (5/15)
 Temple: D:4-7

Altars:
Ru
Vehumet

Annotations:
D:5 Edmund, Ijyb


Innate Abilities, Weirdness & Mutations

You are too large for most types of armour.
You have claws for hands.
Your natural rate of healing is unusually fast.
You are covered in fur. (AC +1)
You have tough skin. (AC +1)


Message History

You scratch Edmund but do no damage.
Edmund hits you with a +2 dire flail of venom.
You are poisoned.
You scratch Edmund.
Edmund is lightly wounded.
You feel sick.
Edmund hits you with a +2 dire flail of venom!
You scratch Edmund.
Edmund is lightly wounded.
You feel sick. Edmund hits you but does no damage.
You are more poisoned.
You claw Edmund!
Edmund is moderately wounded.
You feel very sick.
Edmund hits you with a +2 dire flail of venom!
You claw Edmund!
Edmund is severely wounded.
You feel very sick.
You completely miss Edmund.
Edmund is severely wounded.
You feel sick.
Edmund hits you with a +2 dire flail of venom!
You are more poisoned.
You scratch Edmund.
Edmund is almost dead.
You feel very sick.
Edmund hits you with a +2 dire flail of venom!
* * * LOW HITPOINT WARNING * * *
You are more poisoned.
Ijyb completely misses you.
You feel better.
Edmund hits you with a +2 dire flail of venom.
You are poisoned.
Ijyb zaps a wand.
Your mind is blasted!
* * * LOW HITPOINT WARNING * * *
You scratch Edmund.
Edmund is almost dead.
You feel sick.
Edmund hits you with a +2 dire flail of venom!
You die...

...#......# ...
.#........###.#
..............#
............#.#
.#######......##
. ##......# .
####....#.#
#.........###
#..........@#
######....g@#
##.....# #.....#
#.###..# #.#
#..# #.. ...# ##
##..


You could see Edmund and Ijyb.

Vanquished Creatures
  An ice beast (D:3)
  The ghost of Jabberih the Insei, an amateur OpTm (D:3)
  A bullfrog zombie (D:5)
  2 hounds
  2 orc priests (D:3)
  A bullfrog skeleton (D:5)
  An iguana (D:4)
  A scorpion zombie (D:5)
  Natasha (thrice) (D:4)
  4 orc wizards
  6 adders
  5 worms
  5 dart slugs
  13 orcs
  11 ball pythons
  6 bats
  12 endoplasms
  5 giant cockroaches
  7 goblins
  11 hobgoblins
  11 jackals
  A quokka (D:2)
  7 frilled lizards
  7 kobolds
  11 rats
135 creatures vanquished.

Notes
Turn   | Place    | Note
-------+----------+-------------------------------------------
     0 | D:1      | Kangaroobicon the Troll Monk began the quest for the Orb.
     0 | D:1      | Reached XP level 1. HP: 22/22 MP: 0/0
    37 | D:1      | Reached XP level 2. HP: 28/29 MP: 1/1
   304 | D:1      | HP: 1/29 [goblin (13)]
   327 | D:1      | Reached XP level 3. HP: 23/36 MP: 2/2
   714 | D:2      | Reached XP level 4. HP: 42/44 MP: 3/3
   934 | D:3      | Reached skill level 4 in Unarmed Combat
   945 | D:3      | Reached XP level 5. HP: 51/52 MP: 4/4
  1346 | D:3      | Noticed an ice beast
  1362 | D:3      | Killed an ice beast
  1363 | D:3      | Reached skill level 5 in Unarmed Combat
  1363 | D:3      | Reached XP level 6. HP: 44/59 MP: 5/5
  1546 | D:3      | Found a runed translucent gate.
  1546 | D:3      | Found a runed translucent gate.
  1546 | D:3      | Found a runed translucent gate.
  1546 | D:3      | Noticed Jabberih's ghost (amateur OpTm)
  1557 | D:3      | Killed Jabberih's ghost
  2055 | D:2      | Found a faded altar of an unknown god.
  2070 | D:2      | Reached skill level 6 in Unarmed Combat
  2331 | D:4      | Found a sacrificial altar of Ru.
  2387 | D:4      | Found a radiant altar of Vehumet.
  2449 | D:4      | Identified the +3 plate armour "Xoixi" {rCorr}
  2584 | D:4      | Reached XP level 7. HP: 63/66 MP: 6/6
  2661 | D:4      | Identified the +1 ring mail of Ferghevva {Str+3 Int+4}
  2825 | D:4      | Noticed Natasha
  2832 | D:4      | Killed Natasha
  2886 | D:4      | Noticed Natasha
  2894 | D:4      | Killed Natasha
  3115 | D:4      | Noticed Natasha
  3119 | D:4      | Killed Natasha
  3672 | D:5      | Entered Level 5 of the Dungeon
  3723 | D:5      | Noticed Edmund
  3729 | D:5      | Noticed Ijyb
  3738 | D:5      | Slain by Edmund

Illustrated notes

Levels and vault maps discovered:
D:1:      dpeg_arrival_tiny_d, layout_basic, st_stairs_4, hex_medium
D:2:      kb_forest_paths, layout_rooms, hellmonk_ecumenical_altar_lost_god,
          kennysheep_potato
D:3:      layout_loops_corners, ebering_ghost_rock_garden
D:4:      layout_layer_cave, kennysheep_mini_moat,
          mainiacjoe_overflow_small_starburst, gup_sewer_entry_bowl,
          skrybe_limestone_x, hangedman_abyss_or_decor_stagger, uniq_natasha
D:5:      layout_basic, gammafunk_temple_overflow_statue,
          grunt_gozag_breadcrumbs, serial_bayou_pond_a, uniq_menkaure,
          uniq_ijyb, uniq_edmund

Skill      XL: |  1  2  3  4  5  6  7 |
---------------+----------------------+-----
Dodging        | 3 4 |  4.4
Unarmed Combat | 4 5 6 |  6.8
Stealth        | 2 |  2.1
Fighting       | |  2.9
Shields        | |  0.3

Action                   |  1- 3 |  4- 6 |  7- 9 || total
-------------------------+-------+-------+-------++-------
Melee: Unarmed           |    93 |   161 |    76 ||   330
       Punch             |     3 |     4 |     1 ||     8
Throw: Stone             |       |     2 |       ||     2
       Large rock        |       |     2 |       ||     2
  Use: Scroll            |       |       |     5 ||     5
       Potion            |       |       |     1 ||     1
 Stab: Sleeping          |     3 |     4 |     3 ||    10
Armor: Robe              |    29 |    51 |    17 ||    97
Dodge: Dodged            |    33 |    87 |    56 ||   176
Block: Other             |       |    11 |    18 ||    29
       Reflection        |       |     1 |       ||     1
